 Dungeon Crawl Stone Soup version 0.30-a0-311-gf115ab0292 (webtiles) character file.

Game seed: 17019019045540946234

90 koil the Sneak (level 4, -2/23 HPs)
             Began as a Spriggan Brigand on Oct 25, 2022.
             Slain by a gnoll
             ... wielding a +0 flail
              (6 damage)
             ... on level 3 of the Dungeon.
             The game lasted 00:04:50 (2092 turns).

koil the Sneak (Spriggan Brigand)                   Turns: 2092, Time: 00:04:51

Health: -2/23      AC:  3    Str:  7    XL:     4   Next: 32%
Magic:  7/7        EV: 17    Int: 14    God:
Gold:   206        SH:  0    Dex: 16    Spells: 2/6 levels left

rFire   . . .      SeeInvis +    a - +2 dagger
rCold   . . .      Faith    .    (no shield)
rNeg    . . .      Spirit   .    b - +0 robe
rPois   .          Reflect  .    (helmet restricted)
rElec   .          Harm     .    c - +0 cloak
rCorr   .          Rampage  .    (gloves unavailable)
Will    .....                    (boots unavailable)
Stlth   +++.......               (no amulet)
HPRegen 0.23/turn                (no ring)
MPRegen 0.10/turn                (no ring)

@: very quick
A: very small, no large weapons, unfitting armour, see invisible, speed 3
a: no special abilities


You were on level 3 of the Dungeon.
You visited 1 branch of the dungeon, and saw 3 of its levels.

You collected 206 gold pieces.

Inventory:

Hand Weapons
 a - a +2 dagger (weapon)
Missiles
 d - 12 poisoned darts (quivered)
 e - 3 curare-tipped darts
 h - a throwing net
Armour
 b - a +0 robe (worn)
 c - a +0 cloak (worn)
 f - a +0 robe
 l - a +0 robe
Magical Staves
 n - a staff of cold
 p - a staff of cold
Wands
 r - a wand of digging (3)
Scrolls
 i - a scroll of identify {unknown}
 j - a scroll of fog {unknown}
 k - a scroll of teleportation {unknown}
 m - a scroll of vulnerability {unknown}
Potions
 g - 3 potions of mutation {unknown}
 o - a potion of degeneration {unknown}
 q - a potion of curing {unknown}


   Skills:
 + Level 2.2 Fighting
 + Level 2.9 Short Blades
 - Level 2.0 Throwing
 + Level 2.6 Dodging
 + Level 6.5 Stealth
 + Level 1.7 Spellcasting
 + Level 0.2 Air Magic
 + Level 0.3 Poison Magic


You had 2 spell levels left.
You knew the following spells:

 Your Spells              Type           Power      Damage    Failure   Level
a - Ignite Poison         Fire/Tmut/Pois 1%         N/A       56%         3
b - Shock                 Conj/Air       4%         1d3       24%         1

Your spell library contained the following spells:

 Spells                   Type           Power      Damage    Failure   Level
 Swiftness                Air            1%         N/A       54%         3
 Kindle Blastsparks       Fire/Tloc/Air  2%         2d10      56%         3
 Portal Projectile        Hex/Tloc       2%         N/A       58%         3
 Tukima's Dance           Hex            1%         N/A       58%         3
 Airstrike                Air            0%         2d(1-17)  91%         4
 Blade Hands              Tmut           0%         N/A       100%        5
 Freezing Cloud           Conj/Ice/Air   0%         6-21      100%        5


Dungeon Overview and Level Annotations

Branches:
Dungeon (3/15)

Altars:
Hepliaklqana


Innate Abilities, Weirdness & Mutations

You are very small and have problems with some larger weapons.
You are too small for most types of armour.
You have supernaturally acute eyesight. (SInv)
You cover ground extremely quickly. (Speed+++)


Message History

The jackal bites you but does no damage.
The jackal misses you.
You hit the jackal but do no damage.
The jackal is heavily wounded.
The jackal bites you.
You hit the jackal.
You kill the jackal!
You hit the jackal but do no damage. The jackal barely misses you.
You closely miss the jackal. Your punch misses the jackal.
The jackal bites you but does no damage.
You closely miss the jackal.
The jackal bites you but does no damage.
You barely miss the jackal.
The jackal bites you but does no damage.
You hit the jackal.
You kill the jackal!
You barely miss the gnoll. The gnoll closely misses you.
You barely miss the gnoll. The gnoll closely misses you.
You hit the gnoll.
The gnoll is lightly wounded.
The gnoll hits you with a +0 flail.
You hit the gnoll.
The gnoll is moderately wounded.
The gnoll misses you.
You hit the gnoll.
The gnoll is moderately wounded.
The gnoll hits you with a +0 flail!
You hit the gnoll.
The gnoll is heavily wounded.
The gnoll misses you.
You closely miss the gnoll.
The gnoll is heavily wounded.
You hit the gnoll but do no damage.
The gnoll is heavily wounded.
The gnoll hits you with a +0 flail!
* * * LOW HITPOINT WARNING * * *
You hit the gnoll.
The gnoll is severely wounded.
The gnoll hits you with a +0 flail.
You die...

...##...#.#######
................. #
................. #.
#................ #..
###.............. ...
#.............. ..
................
..###.####.....#'#†.....
.......@gow....#.#......
..###.####.....#.#+#####
###.####.....#........
........h....#........
.#.......h...#........
.....###....o#######''
..................†..[
#..w...g.............
......................


You could see a gnoll, a dart slug and an orc.

Vanquished Creatures
  3 adders (D:2)
  2 worms
  A dart slug (D:2)
  2 endoplasms
  4 giant cockroaches
  3 goblins
  5 hobgoblins
  4 jackals (D:3)
  6 kobolds
  4 quokkas
  2 ball pythons (D:3)
  4 bats
  5 frilled lizards
  10 rats
55 creatures vanquished.

Notes
Turn   | Place    | Note
-------+----------+-------------------------------------------
     0 | D:1      | koil the Spriggan Brigand began the quest for the Orb.
     0 | D:1      | Reached XP level 1. HP: 10/10 MP: 2/2
     2 | D:1      | Noticed a meteoran
     4 | D:1      | Noticed a gargoyle
     6 | D:1      | Noticed an ogre
     6 | D:1      | Noticed an octopode
     8 | D:1      | Noticed a spriggan
     8 | D:1      | Noticed a ghoul
    10 | D:1      | Noticed a naga
    10 | D:1      | Noticed a demonspawn
    12 | D:1      | Noticed a human
    12 | D:1      | Noticed a formicid
    14 | D:1      | Noticed an elf
    14 | D:1      | Noticed a merfolk
    16 | D:1      | Noticed a tengu
    16 | D:1      | Noticed an armataur
    18 | D:1      | Noticed a draconian
    18 | D:1      | Noticed a vampire
    20 | D:1      | Noticed a vine stalker
    20 | D:1      | Noticed a minotaur
    22 | D:1      | Noticed a troll
    24 | D:1      | Noticed a formicid
    24 | D:1      | Noticed a felid
    26 | D:1      | Noticed a vampire
   166 | D:1      | Found a faded altar of an unknown god.
   301 | D:1      | Reached skill level 6 in Stealth
   312 | D:1      | Reached XP level 2. HP: 15/15 MP: 3/3
   623 | D:1      | Reached skill level 1 in Spellcasting
  1126 | D:2      | Reached XP level 3. HP: 11/18 MP: 5/5
  1464 | D:2      | Learned a level 3 spell: Ignite Poison
  1516 | D:2      | Found a hazy altar of Hepliaklqana.
  1562 | D:2      | Learned a level 1 spell: Shock
  1707 | D:2      | Reached XP level 4. HP: 23/23 MP: 7/7
  2092 | D:3      | Slain by a gnoll

Illustrated notes

Levels and vault maps discovered:
D:1:      kb_arrival_jail, layout_loops_corners, nicolae_ecumenical_lake_church
D:2:      layout_rooms, basic_altar
D:3:      lemuel_castle_with_subvaults [lemuel_castle_interior_original],
          layout_basic, elyvilon_altar_3, nicolae_underground_beach

Skill      XL: |  1  2 |
---------------+-------+-----
Stealth        | 6 |  6.5
Spellcasting   | 1 |  1.7
Dodging        | 2 |  2.6
Fighting       | 2 |  2.2
Short Blades   | |  2.9
Throwing       | |  2.0
Air Magic      | |  0.2
Poison Magic   | |  0.3

Action                   |  1- 3 |  4- 6 || total
-------------------------+-------+-------++-------
Melee: Dagger            |   147 |    46 ||   193
Throw: Dart              |     6 |       ||     6
 Stab: Sleeping          |    11 |     3 ||    14
       Distracted        |     2 |       ||     2
Armor: Robe              |    21 |     6 ||    27
Dodge: Dodged            |   107 |    24 ||   131

Table legend: (Time is in decaauts)
 A = Elapsed time spent in this place.
 B = Non-inter-level travel time spent in this place.
 C = Inter-level travel time spent in this place.
 D = Time resting spent in this place.
 E = Time spent auto-exploring this place.
 F = Levels seen in this place.
 G = Mean time per level.
                   A        B        C        D        E       F      G
               +--------+--------+--------+--------+--------+-----+--------+
         Total |   1421 |   1399 |     22 |      0 |    966 |   3 |  473.7 |
       Dungeon |   1421 |   1399 |     22 |      0 |    966 |   3 |  473.7 |
               +--------+--------+--------+--------+--------+-----+--------+

Top non-repeatable levels by time:
     D:1: 684 daAuts
     D:2: 564 daAuts
     D:3: 172 daAuts
